 Dungeon Crawl Stone Soup version 0.25.1-2-g60ff931df9 (webtiles) character file.

Game seed: 8424724973825709328

14 Peloso the Skirmisher (level 2, 24/24 HPs)
             Began as a Demonspawn Fighter on Aug 28, 2020.
             Got out of the dungeon alive.
             The game lasted 00:01:25 (613 turns).

Peloso the Skirmisher (Demonspawn Fighter)           Turns: 613, Time: 00:01:26

Health: 24/24      AC:  9    Str: 16    XL:     2   Next: 27%
Magic:  2/2        EV:  6    Int:  7    God:
Gold:   51         SH:  8    Dex: 12    Spells: 1/1 levels left

rFire    x . .     SeeInvis .   a - +0 long sword
rCold    + . .     Gourm    .   c - +0 kite shield
rNeg     . . .     Faith    .   k - +0 chain mail
rPois    .         Spirit   .   (no helmet)
rElec    .         Reflect  .   e - scarf {+Inv}
rCorr    .         Harm     .   (no gloves)
MR       .....                  (no boots)
Stlth    ..........             (no amulet)
HPRegen  0.08/turn              l - ring of ice
MPRegen  0.08/turn              o - +4 ring of protection

@: no status effects
A: repulsion field 1, deformed body, dopey 1, wild magic 2
a: Evoke Invisibility


You escaped.
You were not hungry.

You visited 1 branch of the dungeon, and saw 1 of its levels.

You collected 51 gold pieces.

Inventory:

Hand Weapons
 a - a +0 long sword (weapon)
Armour
 b - a +0 scale mail
 c - a +0 kite shield (worn)
 e - a scarf of invisibility (worn)
 k - a +0 chain mail (worn)
Jewellery
 l - a ring of ice (left hand)
 o - a +4 ring of protection (right hand)
 r - a +4 ring of evasion {unknown}
 t - an uncursed ring of positive energy {unknown}
Scrolls
 h - 2 scrolls of identify {unknown}
 j - 2 scrolls of amnesia {unknown}
 n - a scroll of random uselessness {unknown}
 q - a scroll of remove curse {unknown}
Potions
 d - a potion of might
 m - a potion of berserk rage {unknown}
 p - a potion of heal wounds {unknown}
 s - a potion of flight {unknown}
Comestibles
 f - 2 rations
 g - 2 chunks of flesh


   Skills:
 + Level 3.1 Fighting
 + Level 1.9 Long Blades
 + Level 2.9 Armour
 + Level 3.0 Shields


You had one spell level left.
You didn't know any spells.
Your spell library was empty.

Dungeon Overview and Level Annotations

Branches:
Dungeon (1/15)

Altars:
Xom


Innate Abilities, Weirdness & Mutations

You are surrounded by a mild repulsion field. (EV +2)
Armour fits poorly on your strangely shaped body.
You are dopey. (Int -2)
Your spells are harder to cast, but more powerful.


Message History

g - 4 chunks of flesh (gained 1)
s - a brown potion
t - a knobbly cabochon ring You see here a +0 dagger.
You open the door.
Some of the chunks of flesh in your inventory have rotted away.
You see here a +0 dagger.
Done exploring.
It was a potion of mutation.
You feel extremely strange.
You feel stupid.
Your body twists and deforms.
You feel less in control of your magic. x2
(D) Dungeon
Where to? (? - help)
What level of the Dungeon? (default 1, ? - help) Some of the chunks of flesh in your inventory have rotted away.
There is a staircase leading out of the dungeon here.
Are you sure you want to leave the Dungeon?
This will make you lose the game!
Alright, then stay!
Are you sure you want to leave the Dungeon?
This will make you lose the game!
You have escaped!

######..# #.## #..# #.
#....# #..## ##.# #.
#.##.## ##...# #.###.
#.###.###.##.## #..##.
## #.# ##.#.###..#
##.##. .# #.## ##.##
##.# #.##. .#
##.###.#.###.#######.##.
.#
##.#.#.#.#.##........#.
.#
##.#.@.#.###.######.#.
.# ##.#.#.#.#.##.# #.#.
.# ##.###.#.###.#.# #...
.# #.## ##.## ##..# ##..
.# ##.####.#.###...# #..
## #....#.###.#..### #..
##.##..## ##..## #..
########..##### #### ##.
.........## #.


There were no monsters in sight!

Vanquished Creatures
  A leopard gecko (D:1)
  4 bats (D:1)
  A giant cockroach (D:1)
  A hobgoblin (D:1)
  A frilled lizard (D:1)
  3 goblins (D:1)
11 creatures vanquished.

Notes
Turn   | Place    | Note
-------+----------+-------------------------------------------
     0 | D:1      | Peloso the Demonspawn Fighter began the quest for the Orb.
     0 | D:1      | Reached XP level 1. HP: 18/18 MP: 1/1
    56 | D:1      | Found a shimmering altar of Xom.
   377 | D:1      | Gained mutation: You are surrounded by a mild repulsion
                  | field. (EV +2) [demonic ancestry]
   377 | D:1      | Reached XP level 2. HP: 24/24 MP: 2/2
   569 | D:1      | Gained mutation: You are dopey. (Int -2) [potion of
                  | mutation]
   569 | D:1      | Gained mutation: Armour fits poorly on your strangely
                  | shaped body. [potion of mutation]
   569 | D:1      | Gained mutation: Your spells are a little harder to cast,
                  | but a little more powerful. [potion of mutation]
   569 | D:1      | Gained mutation: Your spells are harder to cast, but more
                  | powerful. [potion of mutation]
   613 | D:$      | Got out of the dungeon alive.

Illustrated notes

Levels and vault maps discovered:
D:1:      minmay_arrival_diagonal_passages, layout_basic, xom_teletrap_fun

Skill      XL: |  1  2 |
---------------+-------+-----
Shields        | 3 |  3.0
Fighting       | |  3.1
Long Blades    | |  1.9
Armour         | |  2.9

Action                   || total
-------------------------++-------
Melee: Long sword        ||    36
  Use: Potion            ||     1
Armor: Chain mail        ||    26
       Scale mail        ||    10
Dodge: Dodged            ||    13
Block: Kite shield       ||    21
       Rpst.: Long sword ||     5
